 Dungeon Crawl Stone Soup version 0.31-a0-726-g3c93526463 (webtiles) character file.

Game seed: 9998551162454426151

274 Conn the Sneak (level 6, 0/36 HPs)
             Began as an Octopode Fire Elementalist on Sept 11, 2023.
             Slain by an orc wizard
             ... wielding a +0 dagger
              (4 damage)
             ... on level 3 of the Dungeon.
             The game lasted 00:05:11 (2033 turns).

Conn the Sneak (Octopode Fire Elementalist)         Turns: 2033, Time: 00:05:12

Health: 0/36       AC:  1    Str:  8    XL:     6   Next: 24%
Magic:  1/10       EV: 13    Int: 19    God:
Gold:   115        SH:  0    Dex: 12    Spells: 0/11 levels left

rFire   . . .        g - +2 sling (drain)
rCold   . . .        (no shield)
rNeg    . . .        (helmet restricted)
rPois   .            (no amulet)
rElec   .            (no ring)
rCorr   .            (no ring)
SInv    .            (no ring)
Will    .....        (no ring)
Stlth   ++++         (no ring)
HPRegen 0.26/turn    (no ring)
MPRegen 0.12/turn    (no ring)
                     (no ring)

%: no passive effects
@: very slightly contaminated
A: almost no armour, amphibious, 8 rings, camouflage 1, gelatinous body 1,
(nimble swimmer 1), tentacles
a: no special abilities


You were on level 3 of the Dungeon.
You visited 1 branch of the dungeon, and saw 3 of its levels.

You collected 115 gold pieces.

Inventory:

Hand Weapons
 g - a +2 sling of draining (weapon)
Wands
 i - a wand of flame (5)
Scrolls
 b - a scroll of amnesia
 c - a scroll of torment
 f - a scroll of teleportation {unknown}
 j - a scroll of immolation {unknown}
 k - a scroll of revelation {unknown}
 l - a scroll of enchant armour {unknown}
 n - a scroll of vulnerability {unknown}
Potions
 a - a potion of magic
 d - a potion of ambrosia {unknown}
 e - a potion of might {unknown}
 h - a potion of lignification {unknown}
 m - a potion of cancellation {unknown}


   Skills:
 + Level 0.1 Fighting
 + Level 3.1 Dodging
 + Level 4.3 Stealth
 * Level 3.3 Spellcasting
 * Level 2.9 Conjurations
 + Level 0.1 Hexes
 + Level 0.1 Summonings
 + Level 3.8 Fire Magic


You couldn't memorise any spells.
You knew the following spells:

 Your Spells              Type           Power      Damage    Failure   Level
a - Foxfire               Conj/Fire      64%        2x1d7     3%          1
b - Scorch                Fire           34%        2d6       4%          2
c - Inner Flame           Hex/Fire       10%        N/A       21%         3
d - Flame Wave            Conj/Fire      16%        2d7       34%         4
e - Summon Small Mammal   Summ           12%        N/A       14%         1

Your spell library contained the following spells:

 Spells                   Type           Power      Damage    Failure   Level
 Volatile Blastmotes      Fire/Tloc      20%        2d11      21%         3
 Stone Arrow              Conj/Erth      16%        3d8       24%         3
 Call Canine Familiar     Summ           3%         N/A       38%         3
 Summon Guardian Golem    Hex/Summ       3%         N/A       38%         3
 Lehudib's Crystal Spear  Conj/Erth      4%         10d3      100%        8
 Animate Armour           Summ/Erth      Unusable   N/A       N/A         4

Dungeon Overview and Level Annotations

Branches:
Dungeon (3/15)

Altars:


Innate Abilities, Weirdness & Mutations

You cannot wear most types of armour.
You are amphibious.
You can wear up to eight rings at the same time.
Your skin changes colour to match your surroundings (Stealth+).
Your rubbery body absorbs attacks. (AC +1, EV +1)
((You are camouflaged when in or above water. (Stealth+)))
You have tentacles for arms and can constrict up to eight enemies at once.


Message History

Confirm with . or Enter, or press ? or * to list all spells.
You miscast Scorch.
You are very lightly contaminated with residual magic.
Nothing appears to happen.
Something hits you.
Unknown command.
Casting: Scorch (safe; 4% risk of failure)
Confirm with . or Enter, or press ? or * to list all spells.
Flames lash the quokka.
You kill the quokka!
Something hits you.
Unknown command.
Unknown command.
Unknown command.
You shoot a sling bullet.
You hear some strange, mumbled words.
A puff of flame appears from out of thin air!
The puff of flame hits you! Something hits you.
* * * LOW HITPOINT WARNING * * *
Unknown command.
Okay, then.
Okay, then.
Unknown command.
Unknown command.
Unknown command.
Unknown command.
Okay, then.
Unknown command.
Aiming: Throw Flame
Press: ? - help, Shift-Dir - straight line The puff of flame hits something.
You hear some strange, mumbled words.
Something tries to affect you, but you resist.
Aiming: Throw Flame
Press: ? - help, Shift-Dir - straight line Something hits you.
* * * LOW HITPOINT WARNING * * *
Aiming: Throw Flame
Press: ? - help, Shift-Dir - straight line Something hits you.
You die...

#...#..#.###.####
#.#.#...#..#....#
#.#...#...#..##.##
#<..#...#...#....#
#...#...#...#...#..###
....#...#..)#...#...#..##
#.#...#(..#...#...#...#.#####
. ..#...#...#...#...#.......
.#...#...#...#.@.#...#.#.#
#...#...#...#...#{..#.....#
..# ..#...#...#)..#...#..##
...#...#.).#....#
.#...#..)#)..#.##
..#..)#...#...#
#...#?..#...#.#
..#...#...#...# #
..#...#...#.#


There were no monsters in sight!

Vanquished Creatures
  Sigmund (D:2)
  An orc wizard (D:3)
  3 adders (D:2)
  4 orcs (D:3)
  3 bats
  2 endoplasms
  3 giant cockroaches
  4 goblins
  7 hobgoblins
  5 jackals
  5 quokkas
  3 ball pythons
  A frilled lizard (D:2)
  3 kobolds (D:1)
  2 rats (D:1)
47 creatures vanquished.

Vanquished Creatures (collateral kills)
  6 foxfires (D:1)
6 creatures vanquished.

Vanquished Creatures (others)
  117 foxfires
117 creatures vanquished.

Grand Total: 170 creatures vanquished

Notes
Turn   | Place    | Note
-------+----------+-------------------------------------------
     0 | D:1      | Conn the Octopode Fire Elementalist began the quest for the
                  | Orb.
     0 | D:1      | Reached XP level 1. HP: 11/11 MP: 3/3
   308 | D:1      | Reached XP level 2. HP: 17/17 MP: 3/5
   343 | D:1      | Reached skill level 3 in Stealth
   412 | D:1      | Learned a level 2 spell: Scorch
   872 | D:1      | Found a faded altar of an unknown god.
   944 | D:2      | Reached XP level 3. HP: 9/21 MP: 0/6
  1317 | D:2      | Reached XP level 4. HP: 23/27 MP: 3/7
  1570 | D:2      | Noticed Sigmund
  1577 | D:2      | Learned a level 3 spell: Inner Flame
  1582 | D:2      | Killed Sigmund
  1583 | D:2      | Reached skill level 4 in Stealth
  1583 | D:2      | Reached XP level 5. HP: 31/31 MP: 4/9
  1583 | D:2      | Reached XP level 6. HP: 36/36 MP: 4/10
  1870 | D:2      | Learned a level 4 spell: Flame Wave
  1908 | D:3      | Learned a level 1 spell: Summon Small Mammal
  2033 | D:3      | Slain by an orc wizard

Illustrated notes

Levels and vault maps discovered:
D:1:      lemuel_arrival_cross, layout_rooms,
          hellmonk_ecumenical_altar_crossroads, dreamdust_princess_bridge
D:2:      layout_basic, kennysheep_generic_room_11, uniq_sigmund
D:3:      kennysheep_big_flooded_room, layout_basic, hex_large

Skill      XL: |  1  2  3  4 |
---------------+-------------+-----
Stealth        | 3 4 |  4.3
Dodging        | 3 |  3.1
Spellcasting   | 3 |  3.3
Conjurations   | 2 |  2.9
Fighting       | |  0.1
Hexes          | |  0.1
Summonings     | |  0.1
Fire Magic     | |  3.8

Action                     |  1- 3 |  4- 6 || total
---------------------------+-------+-------++-------
  Melee: Unarmed           |    24 |       ||    24
         Constrict         |     6 |       ||     6
         Tentacles         |     2 |       ||     2
   Fire: Sling             |       |    17 ||    17
   Cast: Foxfire           |    62 |    13 ||    75
         Inner Flame       |       |     1 ||     1
         Scorch            |       |     2 ||     2
  Evoke: Wand              |       |     3 ||     3
    Use: Scroll            |       |     2 ||     2
 Armour: Skin              |    14 |    10 ||    24
  Dodge: Dodged            |    21 |     5 ||    26

Table legend: (Time is in decaauts)
 A = Elapsed time spent in this place.
 B = Non-inter-level travel time spent in this place.
 C = Inter-level travel time spent in this place.
 D = Time resting spent in this place.
 E = Time spent auto-exploring this place.
 F = Levels seen in this place.
 G = Mean time per level.
                   A        B        C        D        E       F      G
               +--------+--------+--------+--------+--------+-----+--------+
         Total |   2038 |   2011 |     27 |      0 |   1513 |   3 |  679.3 |
       Dungeon |   2038 |   2011 |     27 |      0 |   1513 |   3 |  679.3 |
               +--------+--------+--------+--------+--------+-----+--------+

Top non-repeatable levels by time:
     D:2: 941 daAuts
     D:1: 932 daAuts
     D:3: 164 daAuts
